 Dungeon Crawl Stone Soup version 0.23.2-1-ga50397a6bc (webtiles) character file.

Game seed: 13923198928635388794

56 Ireaine the Skirmisher (level 3, -2/24 HPs)
             Began as a Gargoyle Berserker on May 26, 2019.
             Was a Believer of Trog.
             Slain by an orc warrior
             ... wielding a cursed -3 long sword
              (12 damage)
             ... on level 2 of the Dungeon.
             The game lasted 00:03:53 (1249 turns).

Ireaine the Skirmisher (Gargoyle Berserker)         Turns: 1249, Time: 00:03:54

Health: -2/24      AC:  6    Str: 21    XL:     3   Next: 97%
Magic:  3/3        EV: 12    Int:  7    God:    Trog [**....]
Gold:   65         SH:  0    Dex:  9    Spells: 2/2 levels left

rFire    . . .     SeeInvis .   a - +0 mace
rCold    . . .     Gourm    .   (no shield)
rNeg     + . .     Faith    .   b - +1 animal skin
rPois    ∞         Spirit   .   (no helmet)
rElec    +         Reflect  .   (no cloak)
rCorr    .         Harm     .   (no gloves)
MR       .....                  (no boots)
Stlth    +.........             (no amulet)
HPRegen  0.08/turn              (no ring)
MPRegen  0.08/turn              (no ring)

@: no status effects
A: negative energy resistance 1, electricity resistance, unbreathing,
petrification resistance, rot immunity, AC +3
a: Berserk, Trog's Hand, Renounce Religion


You were on level 2 of the Dungeon.
You worshipped Trog.
Trog was pleased with you.
You were not hungry.

You visited 1 branch of the dungeon, and saw 3 of its levels.

You collected 65 gold pieces.

Inventory:

Hand Weapons
 a - a +0 mace (weapon)
Armour
 b - a +1 animal skin (worn)
 d - a +1 pair of gloves of dexterity
Jewellery
 f - an uncursed amulet of faith {unknown}
 g - an uncursed amulet of magic regeneration {unknown}
Scrolls
 i - a scroll of identify {unknown}
Potions
 e - 6 potions of curing {unknown}
Comestibles
 c - 3 rations
 h - 2 chunks of flesh


   Skills:
 * Level 4.0 Fighting
 * Level 3.6 Maces & Flails
 * Level 3.1 Armour
 - Level 1.5 Dodging


You had 2 spell levels left.
You didn't know any spells.
Your spell library was empty.

Dungeon Overview and Level Annotations

Branches:
Dungeon (3/15)

Altars:


Innate Abilities, Weirdness & Mutations

You are resistant to torment.
Your stone body is resilient. (AC +3)
You are immune to poison.
You resist negative energy. (rN+)
You are resistant to electric shocks. (rElec)
You can survive without breathing.
You are immune to petrification.
You are immune to rotting.


Message History

You are too confused!
You are too confused!
You are too confused!
You're too confused to move!
You're too confused to move!
The orc warrior completely misses you.
You closely miss the orc warrior. The orc warrior barely misses you.
You bump into the rock wall.
The orc warrior misses you.
You feel less confused.
The orc warrior hits you with a cursed -3 long sword!
You closely miss the orc warrior.
The orc warrior hits you with a cursed -3 long sword!
You closely miss the orc warrior. The orc warrior closely misses you.
You hit the orc warrior.
The orc warrior is lightly wounded.
The orc warrior misses you.
You barely miss the orc warrior.
The orc warrior is lightly wounded.
The orc warrior hits you with a cursed -3 long sword!
Ouch! That really hurt!
You die...

#############
#...........##
#.########@..##
#.# #..>o#....#
#.# #.##...##.#
#.# #.###.## #
#.#####.###.#
#...).....(.#
#######...###
###.# #.#


You could see an orc warrior.

Vanquished Creatures
  An adder (D:2)
  An ooze (D:2)
  A worm (D:2)
  4 dart slugs
  2 leopard geckos (D:1)
  A giant cockroach (D:1)
  A goblin (D:1)
  6 hobgoblins
  A ball python (D:1)
  5 bats
  A frilled lizard (D:1)
  6 kobolds
  2 rats
32 creatures vanquished.

Notes
Turn   | Place    | Note
-------+----------+-------------------------------------------
     0 | D:1      | Ireaine the Gargoyle Berserker began the quest for the Orb.
     0 | D:1      | Reached XP level 1. HP: 14/14 MP: 1/1
   238 | D:1      | Reached XP level 2. HP: 19/19 MP: 2/2
   494 | D:1      | Reached ** piety under Trog
   494 | D:1      | Reached XP level 3. HP: 16/24 MP: 3/3
  1119 | D:2      | Reached skill level 4 in Fighting
  1238 | D:3      | Noticed an orc warrior
  1249 | D:2      | Slain by an orc warrior

Skill      XL: |  1  2  3 |
---------------+----------+-----
Armour         | 3 |  3.1
Fighting       | 4 |  4.0
Maces & Flails | |  3.6
Dodging        | |  1.5

Action                   || total
-------------------------++-------
Melee: Mace              ||   110
  Use: Scroll            ||     1
  Eat: Ration            ||     1
Armor: Animal skin       ||    38
Dodge: Dodged            ||    95
